Description

Solid way of approaching TvP from a safe economic standpoint.

VOD

https://youtu.be/bM0mBIMief0

Replay - tvp 3cc replay

Build Order

Get SALT Encoding   

  6  0:00  SCV  
  13  0:12  SCV  
  14  0:17  Supply Depot  
  14  0:24  SCV  
  15  0:38  SCV  
  15  0:40  Barracks  
  16  0:43  Refinery  
  16  0:50  SCV  
  17  1:02  SCV  
  18  1:15  SCV  
  19  1:27  Orbital Command, Reaper  
  20  1:41  Command Center  
  20  1:51  Supply Depot  
  20  1:53  SCV  
  21  1:59  Marine  
  22  2:05  SCV  
  23  2:09  Factory  
  23  2:17  SCV  
  23  2:18  Bunker  
  23  2:21  Barracks Reactor  
  25  2:31  Refinery  
  26  2:53  Orbital Command  
  26  2:54  Hellion  
  26  2:58  Starport  
  29  3:00  Marine x2  
  32  3:16  Factory Tech Lab  
  34  3:21  Marine x2  
  34  3:22  Supply Depot  
  38  3:41  Raven  
  38  3:44  Factory Tech Lab, Marine x2  
  38  3:47  Supply Depot  
  46  4:09  Command Center  
  47  4:11  Siege Tank  
  51  4:19  Marine x2  
  51  4:20  Supply Depot  
  55  4:29  Barracks x2  
  56  4:39  Marine  
  58  4:45  Refinery x2  
  58  4:50  Siege Tank  
  66  5:03  Engineering Bay x2  
  68  5:17  Starport Reactor  
  68  5:19  Stimpack  
  70  5:26  Orbital Command  
  70  5:30  Factory Reactor  
  70  5:32  Terran Infantry Weapons Level 1  
  72  5:38  Terran Infantry Armor Level 1  
  75  5:46  Marauder x2  
  79  5:51  Combat Shield  
  79  5:56  Orbital Command  
  79  6:00  Medivac x2  
  85  6:08  Widow Mine x2  
  85  6:09  Marauder  
  108  6:40  Marauder x2, Widow Mine x2  
  108  6:41  Medivac x2  
  116  6:50  Armory  
  116  6:54  Barracks x2  
  116  6:59  Concussive Shells  
  117  7:03  Marauder  
  117  7:05  Widow Mine x2  
  131  7:18  Refinery x2  
  133  7:35  Marauder x2  
  133  7:38  Medivac x2  
  133  7:39  Terran Infantry Weapons Level 2  
  143  7:51  Terran Infantry Armor Level 2  
  145  7:53  Barracks Reactor, Barracks Tech Lab  
  148  8:03  Command Center  
  150  8:09  Starport  
  150  8:11  Factory Reactor  
  155  8:20  Ghost Academy  
  158  8:27  Viking x2  
  165  8:34  Marauder  
  165  8:41  Marauder  
  169  8:46  Viking x2  
  177  9:02  Viking x2  
  187  9:13  Barracks x3  
  187  9:24  Action  
  187  9:29  Viking x2  
  187  9:30  Action x2  
  200  9:47  Refinery x2  
  200  9:57  Command Center  
  200  9:59  Action  
Spawning Tool Build Advisor. Get it on Overwolf

Go to:

Details

  • Created by: driftsc2
  • Published on: Feb 02, 2021
  • Modified on: Feb 02, 2021
  • Patch: 4.11.0
  • Difficulty: Medium
Show
View Real Time Build Order
Export as new Build Order

Comments (0)

There are no comments. Be the first!

Create an account to comment!